 Dungeon Crawl Stone Soup version 0.31-a0-177-g4aa6249778 (webtiles) character file.

Game seed: 9503365674130338742

105 mopl the Caller (level 4, 0/30 HPs)
             Began as a Barachi Summoner on June 18, 2023.
             Slain by Grinder (4 damage)
             ... while paralysed by Grinder
             ... on level 4 of the Dungeon.
             The game lasted 00:03:00 (2336 turns).

mopl the Caller (Barachi Summoner)                  Turns: 2336, Time: 00:03:00

Health: 0/30       AC:  0    Str:  9    XL:     4   Next: 81%
Magic:  9/9        EV:  3    Int: 18    God:
Gold:   180        SH:  0    Dex: 12    Spells: 0/9 levels left

rFire   . . .        a - melded +2 short sword (drain)
rCold   . . .        k - melded +0 buckler
rNeg    . . .        e - melded +0 robe
rPois   .            (helmet currently unavailable)
rElec   .            j - melded +0 cloak
rCorr   .            (gloves currently unavailable)
SInv    .            l - melded +0 pair of boots
Will    .....        (no amulet)
Stlth   ++           (ring currently unavailable)
HPRegen 0.25/turn    (ring currently unavailable)
MPRegen 0.11/turn

%: no passive effects
@: paralysed, pig-form (expiring), very quick
A: fast, no casting, (amphibious), small, (slowness 1), (strong legs 1), +LOS
a: no special abilities


You were on level 4 of the Dungeon.
You were a filthy swine.
You visited 1 branch of the dungeon, and saw 4 of its levels.

You collected 180 gold pieces.

Inventory:

Hand Weapons
 a - a +2 short sword of draining (melded)
 p - a +0 spear
 r - a +0 trident
Missiles
 i - 2 boomerangs
 q - a throwing net
 t - 2 poisoned darts
Armour
 e - a +0 robe (melded)
 j - a +0 cloak (melded)
 k - a +0 buckler (melded)
 l - a +0 pair of boots (melded)
Wands
 s - a wand of mindburst (13)
Scrolls
 d - a scroll of fog {unknown}
 f - a scroll of silence {unknown}
 m - a scroll of immolation {unknown}
 n - a scroll of noise {unknown}
 o - a scroll of poison {unknown}
 u - 2 scrolls of identify {unknown}
Potions
 b - a potion of magic
 c - 2 potions of heal wounds {unknown}
 g - a potion of lignification {unknown}
 h - a potion of attraction {unknown}
 v - a potion of haste {unknown}


   Skills:
 - Level 2.1 Dodging
 - Level 1.7 Stealth
 + Level 2.1 Shields
 + Level 3.4 Spellcasting
 + Level 5.9 Summonings


You couldn't memorise any spells.
You knew the following spells:

 Your Spells              Type           Power      Damage    Failure   Level
a - Summon Small Mammal   Summ           96%        N/A       1%          1
b - Call Imp              Summ           48%        N/A       1%          2
c - Call Canine Familiar  Summ           24%        N/A       4%          3
g - Summon Guardian Gole  Hex/Summ       13%        N/A       14%         3

Your spell library contained the following spells:

 Spells                   Type           Power      Damage    Failure   Level
 Static Discharge         Conj/Air       6%         2-3/arc   24%         2
 Animate Armour           Summ/Erth      26%        N/A       43%         4
 Summon Lightning Spire   Summ/Air       13%        N/A       43%         4
 Airstrike                Air            1%         2d(1-17)  83%         4
 Blade Hands              Tmut           1%         N/A       99%         5


Dungeon Overview and Level Annotations

Branches:
Dungeon (4/15)
 Temple: D:4-7

Altars:
Fedhas
Kikubaaqudgha

Annotations:
D:4 Grinder


Innate Abilities, Weirdness & Mutations

You are a filthy swine.
You move quickly.
Your equipment is almost entirely melded.
You are incapable of wielding weapons or throwing items.
You cannot cast spells.
((You are amphibious.))
((You cover ground slowly.))
((You can hop short distances.))
You have an extended range of vision and can be seen from far away.


Message History

Your +0 pair of boots melds into your body.
Your +0 buckler melds into your body.
Your +0 robe melds into your body.
You hit the hobgoblin but do no damage. The hobgoblin barely misses you.
You hit the hobgoblin but do no damage. The hobgoblin hits you.
You hit the hobgoblin.
The hobgoblin is heavily wounded.
The hobgoblin barely misses you.
You closely miss the hobgoblin.
The hobgoblin is heavily wounded.
The hobgoblin barely misses you.
You hit the hobgoblin but do no damage.
The hobgoblin is heavily wounded.
The hobgoblin barely misses you. The hobgoblin closely misses you.
You hit the hobgoblin but do no damage.
The hobgoblin is heavily wounded.
You hit the hobgoblin.
You kill the hobgoblin!
The hobgoblin hits you.
You barely miss the hobgoblin.
Grinder blinks!
The hobgoblin hits you.
You hit the hobgoblin but do no damage. The hobgoblin closely misses you.
You hit the hobgoblin but do no damage. The hobgoblin misses you.
You hit the hobgoblin but do no damage. Grinder gestures at you.
Pain shoots through your body! The hobgoblin closely misses you.
You closely miss the hobgoblin. The hobgoblin closely misses you.
You hit Grinder but do no damage. Grinder gestures at you.
You barely resist. The hobgoblin barely misses you.
You hit Grinder but do no damage.
A kobold comes into view. It is wielding a +0 short sword.
Grinder gestures at you.
You suddenly lose the ability to move!
The hobgoblin hits you.
Your transformation is almost over.
The hobgoblin barely misses you. Grinder hits you!
* * * LOW HITPOINT WARNING * * *
The kobold shouts!
You hear a bark! x2
Grinder hits you.
* * * LOW HITPOINT WARNING * * *
You writhe in agony.
You die...

#############
##............
#####.............
...K............≈
#.............≈
#.....<.......≈
#...h5.....#.#≈
#..†g.........≈
##........##.#≈
#....?.......#
#..........#..
#.........$# .
.#.#.......# ≈
###.#......?#
#.#........


You could see Grinder, a hobgoblin and a kobold.

Vanquished Creatures
  2 gnolls (D:2)
  An adder (D:2)
  3 dart slugs
  3 bats
  2 endoplasms (D:1)
  A giant cockroach (D:2)
  8 goblins
  6 hobgoblins
  3 jackals (D:2)
  4 kobolds
  A quokka (D:3)
  7 ball pythons
  3 frilled lizards
  2 rats
46 creatures vanquished.

Vanquished Creatures (collateral kills)
  2 gnolls (D:2)
2 creatures vanquished.

Grand Total: 48 creatures vanquished

Notes
Turn   | Place    | Note
-------+----------+-------------------------------------------
     0 | D:1      | mopl the Barachi Summoner began the quest for the Orb.
     0 | D:1      | Reached XP level 1. HP: 13/13 MP: 3/3
    31 | D:1      | Found a faded altar of an unknown god.
   137 | D:1      | Reached skill level 5 in Summonings
   225 | D:1      | Reached XP level 2. HP: 19/19 MP: 3/5
   228 | D:1      | Learned a level 2 spell: Call Imp
   985 | D:2      | Reached XP level 3. HP: 24/24 MP: 7/7
  1041 | D:2      | Learned a level 3 spell: Call Canine Familiar
  1172 | D:2      | Reached skill level 1 in Shields
  1172 | D:2      | Reached skill level 3 in Spellcasting
  1268 | D:2      | Reached XP level 4. HP: 21/30 MP: 8/8
  1609 | D:2      | Learned a level 3 spell: Summon Guardian Golem
  1820 | D:3      | Reached skill level 2 in Shields
  1991 | D:3      | Found an ancient bone altar of Kikubaaqudgha.
  1991 | D:3      | Found a blossoming altar of Fedhas.
  2318 | D:4      | Noticed Grinder
  2334 | D:4      | Paralysed by Grinder for 4 turns
  2336 | D:4      | Slain by Grinder

Illustrated notes

Levels and vault maps discovered:
D:1:      giann_forest_graveyard, layout_basic,
          shapermc_ecumenical_altar_mp_ritualfount,
          minmay_misc_feat_secret_circle
D:2:      layout_rooms, roderic_lattice_a
D:3:      layout_loops_ring, grunt_temple_overflow_growth_and_decay
D:4:      layout_rooms, nicolae_overflow_two_pavilions, grunt_decor_fettered,
          uniq_duvessa, uniq_ijyb, uniq_sigmund, uniq_grinder

Skill      XL: |  1  2  3  4 |
---------------+-------------+-----
Summonings     | 5 |  5.9
Shields        | 1 2 |  2.1
Spellcasting   | 3 |  3.4
Dodging        | |  2.1
Stealth        | |  1.7

Action                     |  1- 3 |  4- 6 || total
---------------------------+-------+-------++-------
  Melee: Unarmed           |    19 |    14 ||    33
         Dagger            |    13 |       ||    13
         Short sword       |    79 |    48 ||   127
   Cast: Summon Small Mamm |     1 |       ||     1
         Call Imp          |     1 |       ||     1
         Call Canine Famil |       |     1 ||     1
Ability: Hop               |       |     1 ||     1
   Stab: Sleeping          |     1 |     4 ||     5
 Armour: Robe              |    26 |     7 ||    33
  Dodge: Dodged            |    67 |    36 ||   103
  Block: Buckler           |    15 |     9 ||    24

Table legend: (Time is in decaauts)
 A = Elapsed time spent in this place.
 B = Non-inter-level travel time spent in this place.
 C = Inter-level travel time spent in this place.
 D = Time resting spent in this place.
 E = Time spent auto-exploring this place.
 F = Levels seen in this place.
 G = Mean time per level.
                   A        B        C        D        E       F      G
               +--------+--------+--------+--------+--------+-----+--------+
         Total |   2711 |   2547 |    164 |    221 |   1810 |   4 |  677.8 |
       Dungeon |   2711 |   2547 |    164 |    221 |   1810 |   4 |  677.8 |
               +--------+--------+--------+--------+--------+-----+--------+

Top non-repeatable levels by time:
     D:1: 1197 daAuts
     D:2: 820 daAuts
     D:3: 674 daAuts
     D:4: 19 daAuts
